 Dungeon Crawl Stone Soup version 0.29-a0-857-g9b1aa3ac5b (webtiles) character file.

Game seed: 18003989095703490396

26 nxtlvl the Cutter (level 2, -1/18 HPs)
             Began as a Deep Elf Monk on July 16, 2022.
             Killed from afar by a dart slug (2 damage)
             ... with a slug dart
             ... on level 1 of the Dungeon.
             The game lasted 00:02:37 (552 turns).

nxtlvl the Cutter (Deep Elf Monk)                    Turns: 552, Time: 00:02:37

Health: -1/18      AC:  3    Str:  8    XL:     2   Next: 89%
Magic:  4/4        EV: 13    Int: 14    God:
Gold:   10         SH:  0    Dex: 17    Spells: 1/1 levels left

rFire   . . .      SeeInvis .   a - +0 short sword
rCold   . . .      Faith    .   (no shield)
rNeg    . . .      Spirit   .   b - +0 robe
rPois   .          Reflect  .   (no helmet)
rElec   .          Harm     .   h - +0 cloak
rCorr   .          Rampage  .   (no gloves)
Will    .....                   (no boots)
Stlth   ++........              (no amulet)
HPRegen 0.06/turn               (no ring)
MPRegen 0.09/turn               (no ring)

@: no status effects
A: no striking features
a: no special abilities


You were on level 1 of the Dungeon.
You visited 1 branch of the dungeon, and saw 1 of its levels.

You collected 10 gold pieces.

Inventory:

Hand Weapons
 a - a +0 short sword (weapon)
Armour
 b - a +0 robe (worn)
 h - a +0 cloak (worn)
Scrolls
 d - a scroll of identify {unknown}
 f - a scroll of immolation {unknown}
Potions
 c - a potion of ambrosia
 e - 2 potions of heal wounds {unknown}
 g - a potion of flight {unknown}


   Skills:
 - Level 2.4 Fighting
 * Level 4.1 Short Blades
 - Level 3.6 Dodging
 - Level 2.4 Stealth


You had one spell level left.
You didn't know any spells.
Your spell library was empty.

Dungeon Overview and Level Annotations

Branches:
Dungeon (1/15)

Altars:


Message History

A bat comes into view.
A bat is nearby!
A dart slug comes into view.
The helpless bat fails to defend itself.
You puncture the bat!
You kill the bat!
The dart slug closely misses you.
You hit the dart slug.
The dart slug is moderately wounded.
The dart slug barely misses you.
You hit the dart slug.
The dart slug is heavily wounded.
You hit the dart slug.
The dart slug is severely wounded.
The dart slug launches a dart at you. The slug dart hits you.
* * * LOW HITPOINT WARNING * * *
You hit the dart slug.
You kill the dart slug!
You see here a dart slug corpse.
A bat comes into view.
Found 9 gold pieces.
The bat misses you.
You hit the bat.
The bat is severely wounded.
The bat misses you. The bat hits you but does no damage.
You hit the bat.
You kill the bat!
A dart slug comes into view.
A gnoll comes into view. It is wielding a +0 flail.
You hit the dart slug.
The dart slug is moderately wounded.
You hit the dart slug.
The dart slug is moderately wounded.
The dart slug bites you.
* * * LOW HITPOINT WARNING * * *
The dart slug launches a dart at you. The slug dart hits you.
You die...

## ### .# #.# .### ###
#.## ...# #.########..#
.#.# #.##.....†..#
...####.##.####...#
.#.##...†....##...#
..................# #
........##.#.##.@.##.##
.#.........#.##.......#
...........#.#..gw##.....
...#.....#.#........w....
.........................
.........................
###############..........
..........### #..###.....
#.####.##...###.. ##...


You could see a gnoll and a dart slug.

Vanquished Creatures
  A dart slug (D:1)
  An endoplasm (D:1)
  A giant cockroach (D:1)
  A goblin (D:1)
  3 hobgoblins (D:1)
  3 jackals (D:1)
  A kobold (D:1)
  2 quokkas (D:1)
  3 ball pythons (D:1)
  3 bats (D:1)
  4 rats (D:1)
23 creatures vanquished.

Notes
Turn   | Place    | Note
-------+----------+-------------------------------------------
     0 | D:1      | nxtlvl the Deep Elf Monk began the quest for the Orb.
     0 | D:1      | Reached XP level 1. HP: 13/13 MP: 3/3
   185 | D:1      | Reached XP level 2. HP: 11/18 MP: 4/4
   430 | D:1      | Found a faded altar of an unknown god.
   435 | D:1      | Reached skill level 4 in Short Blades
   552 | D:1      | Killed from afar by a dart slug

Illustrated notes

Levels and vault maps discovered:
D:1:      dpeg_arrival_chambers_temple_mockup, layout_basic,
          ebering_ecumenical_altar_webs

Skill      XL: |  1  2 |
---------------+-------+-----
Short Blades   | 4 |  4.1
Fighting       | |  2.4
Dodging        | |  3.6
Stealth        | |  2.4

Action                   || total
-------------------------++-------
Melee: Short sword       ||    77
 Stab: Sleeping          ||     4
       Distracted        ||     1
Armor: Robe              ||     4
Dodge: Dodged            ||    43

Table legend: (Time is in decaauts)
 A = Elapsed time spent in this place.
 B = Non-inter-level travel time spent in this place.
 C = Inter-level travel time spent in this place.
 D = Time resting spent in this place.
 E = Time spent auto-exploring this place.
 F = Levels seen in this place.
 G = Mean time per level.
                   A        B        C        D        E       F      G
               +--------+--------+--------+--------+--------+-----+--------+
         Total |    546 |    546 |      0 |      0 |    134 |   1 |  546.0 |
       Dungeon |    546 |    546 |      0 |      0 |    134 |   1 |  546.0 |
               +--------+--------+--------+--------+--------+-----+--------+

Top non-repeatable levels by time:
     D:1: 546 daAuts
